 Dungeon Crawl Stone Soup version 0.29.0-11-gd7f09526c8 (webtiles) character file.

Game seed: 13687019221720165247

1227 browni3141 the Combatant (level 8, -6/60 HPs)
             Began as a Formicid Fire Elementalist on Sept 6, 2022.
             Was a Follower of Okawaru.
             Mangled by Pikel
             ... wielding a +1 whip of freezing
              (11 damage)
             ... on level 5 of the Dungeon.
             The game lasted 00:11:43 (9002 turns).

browni3141 the Combatant (FoFE)                     Turns: 9002, Time: 00:11:44

Health: -6/60      AC:  2    Str: 19    XL:     8   Next: 76%
Magic:  0/14       EV: 15    Int: 15    God:    Okawaru [*.....]
Gold:   310        SH:  0    Dex: 16    Spells: 10/11 levels left

rFire   . . .      SeeInvis +   n - +0 halberd
rCold   . . .      Faith    .   (no shield)
rNeg    . . .      Spirit   +   a - +0 robe
rPois   .          Reflect  .   (helmet unavailable)
rElec   .          Harm     .   (no cloak)
rCorr   .          Rampage  .   (no gloves)
Will    .....                   (no boots)
Stlth   ++++......              G - amulet of guardian spirit
HPRegen 0.20/turn               L - ring of flight
MPRegen 0.14/turn               S - +6 ring of strength

@: heroic, flying
A: permanent stasis, dig shafts and tunnels, antennae 3, four strong arms
a: Dig, Shaft Self, Renounce Religion, Heroism


You were on level 5 of the Dungeon.
You worshipped Okawaru.
Okawaru was aware of your devotion.
You visited 1 branch of the dungeon, and saw 5 of its levels.

You collected 310 gold pieces.


Innate Abilities, Weirdness & Mutations

You cannot be hasted, slowed, berserked, paralysed or teleported.
You can dig through walls and to a lower floor.
You have a pair of large antennae on your head. (SInv)
Your four strong arms can wield two-handed weapons with a shield.


   Skills:
 - Level 4.0(9.0) Fighting
 - Level 1.7(6.7) Dodging
 - Level 2.4(7.4) Stealth
 - Level 2.1 Spellcasting
 - Level 0.8 Conjurations
 - Level 4.0 Fire Magic
 - Level 6.0 Poison Magic
 * Level 8.6 Invocations


You had 10 spell levels left.
You knew the following spells:

 Your Spells              Type           Power      Damage    Failure   Level
z - Foxfire               Conj/Fire      32%        2x1d5     9%          1

Your spell library contained the following spells:

 Spells                   Type           Power      Damage    Failure   Level
 Sting                    Tmut/Pois      40%        1d5       6%          1
 Scorch                   Fire           26%        2d6       6%          2
 Poisonous Vapours        Pois/Air       20%        N/A       10%         2
 Olgreb's Toxic Radiance  Pois           19%        N/A       19%         4
 Conjure Flame            Conj/Fire      8%         6-21      24%         3
 Inner Flame              Hex/Fire       7%         N/A       28%         3
 Ozocubu's Armour         Ice            1%         N/A       54%         3
 Flame Wave               Conj/Fire      8%         2d5       63%         4
 Ozocubu's Refrigeration  Ice            0%         4d7       100%        7

Inventory:

Hand Weapons
 n - a +0 halberd (weapon)
Missiles
 j - 4 boomerangs
 y - 12 poisoned darts {@f3}
 z - a curare-tipped dart {@f4}
Armour
 a - a +0 robe (worn)
Jewellery
 r - an amulet of magic regeneration
 C - a ring of ice
 G - an amulet of guardian spirit (around neck)
 L - a ring of flight (left hand)
 O - a +4 ring of protection
 S - a +6 ring of strength (right hand)
Wands
 u - a wand of digging (5)
Scrolls
 d - 2 scrolls of blinking {unknown}
 e - 2 scrolls of fog {unknown}
 g - a scroll of fear {unknown}
 h - 4 scrolls of identify {unknown}
 k - 4 scrolls of teleportation {unknown}
 m - 2 scrolls of noise {unknown}
 o - a scroll of poison {unknown}
 q - a scroll of vulnerability {unknown}
 t - a scroll of magic mapping {unknown}
 v - 2 scrolls of immolation {unknown}
Potions
 b - a potion of magic
 c - a potion of cancellation {unknown}
 f - a potion of heal wounds {unknown}
 i - 2 potions of mutation {unknown}
 l - 3 potions of flight {unknown}
 p - 2 potions of curing {unknown}
 s - a potion of brilliance {unknown}
 w - a potion of attraction {unknown}
 x - a potion of resistance {unknown}
 A - a potion of invisibility {unknown}

Dungeon Overview and Level Annotations

Branches:
Dungeon (5/15)
 Temple: D:4-7

Altars:
Fedhas
Okawaru
Uskayaw
Vehumet

Annotations:
D:5 Pikel

## #.#.#........#....... #..
###..##........>......
##.##.....................
#...†..#...............## .#
#....#.................# ..#
#...###...........)..#.##..#
....###.............#.##
....# ... ###....>.K5...#.#
#....# ..
#.......@.....##....## .
##.......##...#......#
#..##..##.##.......#
##.##.........##....#
######.#.#..## ... ########
.


You could see Pikel and a lemure.


Message History

* * * LOW HITPOINT WARNING * * *
Pikel says, "You'll feel the lick of my whip!"
Pikel hits you with a +1 whip of freezing!
* * * LOW HITPOINT WARNING * * *
Pikel freezes you.
* * * LOW HITPOINT WARNING * * *
Unknown command.
Unknown command.
You closely miss Pikel.
Pikel is severely wounded.
The lemure hits you!
* * * LOW HITPOINT WARNING * * *
Pikel says, "You'll rust in Dis!"
Pikel zaps a wand.
You easily resist.
Unknown command.
Unknown command.
Unknown command.
You barely miss Pikel.
Pikel is severely wounded.
The lemure hits you!
* * * LOW HITPOINT WARNING * * *
Pikel misses you.
Unknown command.
Unknown command.
You barely miss Pikel.
Pikel is severely wounded.
The lemure hits you.
* * * LOW HITPOINT WARNING * * *
Pikel hits you with a +1 whip of freezing!
You die...

Skill      XL: |  1  2  3  4  5  6  7  8 |
---------------+-------------------------+-----
Fighting       | 1 2 3 4 |  4.0
Fire Magic     | 4 |  4.0
Invocations    | 1 3 4 6 8 |  8.6
Poison Magic   | 2 5 6 |  6.0
Dodging        | |  1.7
Stealth        | |  2.4
Spellcasting   | |  2.1
Conjurations   | |  0.8

Action                   |  1- 3 |  4- 6 |  7- 9 || total
-------------------------+-------+-------+-------++-------
Melee: Unarmed           |     8 |       |       ||     8
       Halberd           |    11 |   224 |   239 ||   474
       Punch             |       |     4 |     2 ||     6
 Cast: Foxfire           |    45 |    12 |    41 ||    98
Invok: Heroism           |     1 |    12 |     5 ||    18
 Stab: Distracted        |       |     2 |       ||     2
       Sleeping          |       |     4 |     5 ||     9
Armor: Robe              |     3 |    39 |    33 ||    75
Dodge: Dodged            |    16 |   187 |   161 ||   364

Levels and vault maps discovered:
D:1:      heliophobic_arrival_battle_scene, layout_basic,
          ebering_ecumenical_altar_petrified
D:2:      layout_loops_ring, uniq_natasha
D:3:      kennysheep_goblin_castle, layout_basic, lemuel_doored_altar,
          lemuel_tele_altar, mainiacjoe_overflow_tiny_flanked, uniq_terence,
          uniq_ijyb
D:4:      minmay_goblin_kobold_castle, layout_loops_cross
D:5:      minmay_general_purpose_star, layout_cave_pools, uniq_prince_ribbit1,
          uniq_pikel, uniq_blork_the_orc

Notes
Turn   | Place    | Note
-------+----------+-------------------------------------------
     0 | D:1      | browni3141 the Formicid Fire Elementalist began the quest
                  | for the Orb.
     0 | D:1      | Reached XP level 1. HP: 13/13 MP: 3/3
   178 | D:1      | Reached skill level 1 in Fighting
   234 | D:1      | Reached XP level 2. HP: 21/21 MP: 1/5
   661 | D:1      | Found a faded altar of an unknown god.
   673 | D:1      | Prayed at the altar of an unknown god.
   673 | D:1      | Became a worshipper of Warmaster Okawaru
   673 | D:1      | Reached * piety under Okawaru
   711 | D:1      | You fall into a shaft and drop 1 floor!
  1327 | D:2      | Reached skill level 4 in Fire Magic
  1327 | D:2      | Reached XP level 3. HP: 26/26 MP: 3/6
  1662 | D:2      | Reached skill level 2 in Fighting
  1692 | D:2      | Reached XP level 4. HP: 7/34 MP: 4/7
  2023 | D:2      | Noticed Natasha
  2032 | D:2      | HP: 1/34 [Natasha (3)]
  2037 | D:2      | Killed Natasha
  2038 | D:2      | Reached skill level 1 in Invocations
  2367 | D:2      | Reached skill level 3 in Fighting
  2581 | D:2      | Reached XP level 5. HP: 33/41 MP: 5/8
  2588 | D:2      | Reached skill level 2 in Invocations
  2798 | D:2      | Noticed Natasha
  2806 | D:2      | Killed Natasha
  3405 | D:2      | Noticed Natasha
  3421 | D:2      | Killed Natasha
  3796 | D:3      | Noticed Terence
  3814 | D:3      | Killed Terence
  3815 | D:3      | Reached skill level 3 in Invocations
  3815 | D:3      | Reached XP level 6. HP: 8/48 MP: 9/9
  4083 | D:3      | Found a radiant altar of Vehumet.
  4107 | D:3      | Reached skill level 4 in Fighting
  4188 | D:3      | Found a hide-covered altar of Uskayaw.
  4362 | D:3      | Found a blossoming altar of Fedhas.
  4407 | D:3      | Reached skill level 1 in Poison Magic
  4759 | D:3      | Reached skill level 2 in Poison Magic
  4759 | D:3      | Reached skill level 4 in Invocations
  5268 | D:3      | Noticed Ijyb
  5281 | D:3      | Killed Ijyb
  5731 | D:3      | Noticed Robin
  5760 | D:3      | Killed Robin
  5764 | D:3      | Reached XP level 7. HP: 54/54 MP: 10/10
  5767 | D:3      | Reached skill level 3 in Poison Magic
  6272 | D:4      | Reached skill level 4 in Poison Magic
  6272 | D:4      | Reached skill level 5 in Invocations
  7139 | D:4      | Reached skill level 5 in Poison Magic
  7259 | D:4      | Reached skill level 6 in Invocations
  7347 | D:4      | Reached XP level 8. HP: 54/60 MP: 9/12
  7352 | D:4      | Reached skill level 6 in Poison Magic
  7578 | D:4      | Reached skill level 7 in Invocations
  7782 | D:4      | Reached ** piety under Okawaru
  8090 | D:4      | Reached skill level 8 in Invocations
  8213 | D:5      | Entered Level 5 of the Dungeon
  8452 | D:4      | HP: 5/60 [lemure[Pikel] (3)]
  8959 | D:5      | Noticed Blork the orc
  8966 | D:5      | Killed Blork the orc
  8986 | D:5      | Noticed Pikel
  9002 | D:5      | HP: 5/60 [lemure[Pikel] (4)]
  9002 | D:5      | Mangled by Pikel

Vanquished Creatures
  An ogre (D:4)
  3 lemures
  5 kobold brigands (D:4)
  Blork the orc (D:5)
  A scorpion (D:4)
  A necrophage (D:4)
  A howler monkey (D:5)
  A hound (D:4)
  Ijyb (D:3)
  Terence (D:3)
  Natasha (thrice) (D:2)
  2 iguanas
  Robin (D:3)
  18 gnolls
  5 adders
  A worm (D:2)
  3 dart slugs
  An orc (D:3)
  2 bats (D:2)
  10 endoplasms
  A giant cockroach (D:1)
  21 goblins
  5 hobgoblins
  17 jackals
  5 ball pythons
  4 frilled lizards
  31 kobolds
  5 rats
151 creatures vanquished.

Vanquished Creatures (collateral kills)
  A foxfire (D:1)
1 creature vanquished.

Vanquished Creatures (others)
  167 foxfires
167 creatures vanquished.

Grand Total: 319 creatures vanquished

Table legend: (Time is in decaauts)
 A = Elapsed time spent in this place.
 B = Non-inter-level travel time spent in this place.
 C = Inter-level travel time spent in this place.
 D = Time resting spent in this place.
 E = Time spent auto-exploring this place.
 F = Levels seen in this place.
 G = Mean time per level.
                   A        B        C        D        E       F      G
               +--------+--------+--------+--------+--------+-----+--------+
         Total |   9208 |   9081 |    127 |   1498 |   5964 |   5 | 1841.6 |
       Dungeon |   9208 |   9081 |    127 |   1498 |   5964 |   5 | 1841.6 |
               +--------+--------+--------+--------+--------+-----+--------+

Top non-repeatable levels by time:
     D:4: 2869 daAuts
     D:2: 2389 daAuts
     D:3: 2273 daAuts
     D:1: 1436 daAuts
     D:5: 240 daAuts

Table legend:
 A = Non-vault XP
 B = Vault XP
 C = Vault XP percentage of total XP
 D = Non-vault monster count
 E = Vault monster count
 F = Vault count percentage of total count
                 A         B        C        D         E       F
            +---------+---------+-------+---------+---------+-------
      Total |     816 |     937 |  53.5 |      83 |      65 |  43.9
            +---------+---------+-------+---------+---------+-------
        D:1 |      26 |       0 |   0.0 |      15 |       0 |   0.0
        D:2 |     179 |      37 |  17.1 |      28 |       1 |   3.4
        D:3 |     159 |     126 |  44.2 |      22 |      22 |  50.0
        D:4 |     385 |     680 |  63.8 |      16 |      41 |  71.9
        D:5 |      67 |      94 |  58.4 |       2 |       1 |  33.3
            +---------+---------+-------+---------+---------+-------
